 Dungeon Crawl Stone Soup version 0.32-a0-886-g41c5271027 (webtiles) character file.

Game seed: 13028089897190631289

64 KennySheep the Vexing (level 4, -1/49 HPs)
             Began as a Formicid Hexslinger on Apr 2, 2024.
             Was a Believer of Vehumet.
             Slain by Sigmund
             ... wielding a +1 heavy scythe
              (8 damage)
             ... on level 3 of the Dungeon.
             The game lasted 00:07:27 (1576 turns).

KennySheep the Vexing (Formicid Hexslinger)         Turns: 1576, Time: 00:07:28

Health: -1/49      AC: 22    Str:  8    XL:     4   Next: 32%
Magic:  6/6        EV:  2    Int: 17    God:    Vehumet [**....]
Gold:   115        SH:  0    Dex: 16    Spells: 5/6 levels left

rFire   . . .        b - +1 sling of the Unbearable God {drain, rC+ Str-5 Int+3 Stlth+}
rCold   + . .        (no shield)
rNeg    . . .        c - melded +0 robe
rPois   +            (helmet unavailable)
rElec   .            (cloak currently unavailable)
rCorr   .            (gloves currently unavailable)
SInv    .            (boots currently unavailable)
Will    .....        (no amulet)
Stlth   ++           (no ring)
HPRegen 0.28/turn    (no ring)
MPRegen 0.10/turn

%: no passive effects
@: confused, tree-form, invisible (expiring)
A: stationary, stasis, torment immunity, boosted hp, permanent stasis, dig
shafts and tunnels, (antennae 3), four strong arms
a: Renounce Religion


You were on level 3 of the Dungeon.
You worshipped Vehumet.
Vehumet was pleased with you.
You were a tree.
You visited 1 branch of the dungeon, and saw 3 of its levels.

You collected 115 gold pieces.

Inventory:

Hand Weapons
 b - the +1 sling of the Unbearable God (weapon) {drain, rC+ Str-5 Int+3 Stlth+}
   (You found it on level 3 of the Dungeon)

   Str-5:     It affects your strength (-5).
   Int+3:     It affects your intelligence (+3).
   rC+:       It protects you from cold.
   Stlth+:    It makes you more stealthy.
 o - a +1 sling
Armour
 c - a +0 robe (melded)
Magical Staves
 a - a staff of conjuration
Scrolls
 e - a scroll of teleportation
 f - a scroll of noise {unknown}
 i - a scroll of blinking {unknown}
 j - a scroll of revelation {unknown}
 k - a scroll of silence {unknown}
 l - 2 scrolls of poison
 m - a scroll of torment


   Skills:
 - Level 2.0 Fighting
 - Level 2.1 Ranged Weapons
 - Level 2.3 Dodging
 + Level 1.9 Spellcasting
 * Level 1.6 Conjurations
 - Level 3.7 Hexes
 - Level 1.0 Fire Magic
 + Level 0.0 Evocations


You had 5 spell levels left.
You knew the following spells:

 Your Spells              Type           Power      Damage    Failure   Level
a - Magic Dart            Conj           28%        1d4       10%         1

Your spell library contained the following spells:

 Spells                   Type           Power      Damage    Failure   Level
 Momentum Strike          Conj/Tloc      8%         3d8       22%         2
 Jinxbite                 Hex            28%        N/A       6%          2
 Sigil of Binding         Hex            14%        N/A       13%         3
 Inner Flame              Hex/Fire       9%         N/A       22%         3
 Cause Fear               Hex            7%         N/A       38%         4
 Dimensional Bullseye     Hex/Tloc       3%         N/A       65%         4


Dungeon Overview and Level Annotations

Branches:
Dungeon (3/15)

Altars:
Vehumet

Annotations:
D:3 Sigmund


Innate Abilities, Weirdness & Mutations

You are a tree.
Your roots penetrate the ground, keeping you stationary.
You cannot be teleported.
You are immune to unholy pain and torment.
Your maximum health is greatly increased.
Your equipment is partially melded.
You cannot be hasted, slowed, berserked, paralysed or teleported.
You can dig through walls and to a lower floor.
((You have a pair of large antennae on your head. (SInv)))
Your four strong arms can wield two-handed weapons with a shield.


Message History

Sigmund shouts!
You shoot a sling bullet. The sling bullet hits Sigmund.
Sigmund is almost dead.
Sigmund points at you and mumbles some strange words.
You are confused.
You are too confused!
You bump into the rock wall.
Sigmund gestures at you while chanting. The magic dart hits you.
It was a potion of lignification.
You turn into a tree.
Your +0 robe melds into your body.
Your roots penetrate the ground.
A puff of flame appears from out of thin air!
Deactivating autopickup; reactivate with Ctrl-A.
The puff of flame hits you!
You feel less confused. Something hits you but does no damage.
Fire: b) +1 sling of the Unbearable God {drain, rC+ Str-5 Int+3 Stlth+}
Press: ? - help, Q - select action, (/) - cycle Shift-Dir - straight line You shoot a sling bullet.
You hear some strange, mumbled words.
You are confused.
Non-targeted confused fire: b) +1 sling of the Unbearable God {drain, rC+ Str-5 Int+3 Stlth+}
Press: ? - help, Q - select action, (/) - cycle Dir - look around, f - activate You shoot a sling bullet.
You flicker for a moment.
Something hits you!
* * * LOW HITPOINT WARNING * * *
Non-targeted confused fire: b) +1 sling of the Unbearable God {drain, rC+ Str-5 Int+3 Stlth+}
Press: ? - help, Q - select action, (/) - cycle Dir - look around, f - activate You shoot a sling bullet.
Something hits you.
* * * LOW HITPOINT WARNING * * *
Non-targeted confused fire: b) +1 sling of the Unbearable God {drain, rC+ Str-5 Int+3 Stlth+}
Press: ? - help, Q - select action, (/) - cycle Dir - look around, f - activate You shoot a sling bullet.
Non-targeted confused fire: b) +1 sling of the Unbearable God {drain, rC+ Str-5 Int+3 Stlth+}
Press: ? - help, Q - select action, (/) - cycle Dir - look around, f - activate You shoot a sling bullet.
Something hits you!
You die...

....# ###.#
#.# #.#
#.##########
#....[...@<#
##########.#
#.#######
#..{.♣..#
#######.#
#.# #.# #.#
#.# ###.#
#...# #.###


There were no monsters in sight!

Vanquished Creatures
  2 adders (D:2)
  A dart slug (D:2)
  An orc (D:3)
  4 endoplasms (D:1)
  3 giant cockroaches
  6 goblins
  A hobgoblin (D:1)
  4 jackals (D:1)
  5 bats
  8 kobolds
  5 rats
40 creatures vanquished.

Notes
Turn   | Place    | Note
-------+----------+-------------------------------------------
     0 | D:1      | KennySheep the Formicid Hexslinger began the quest for the
                  | Orb.
     0 | D:1      | Reached XP level 1. HP: 15/15 MP: 2/2
   102 | D:1      | Found a faded altar of an unknown god.
   111 | D:1      | Prayed at the altar of an unknown god.
   111 | D:1      | Became a worshipper of Vehumet
   111 | D:1      | Reached * piety under Vehumet
   111 | D:1      | Offered knowledge of Magic Dart by Vehumet.
   114 | D:1      | Learned a level 1 spell: Magic Dart
   174 | D:1      | Reached XP level 2. HP: 21/21 MP: 3/3
   223 | D:1      | Reached XP level 3. HP: 18/26 MP: 5/5
   238 | D:1      | Reached skill level 1 in Conjurations
   450 | D:1      | Offered knowledge of Momentum Strike by Vehumet.
   774 | D:2      | Reached ** piety under Vehumet
   852 | D:2      | Reached XP level 4. HP: 30/33 MP: 0/6
  1455 | D:3      | Identified the +1 sling of the Unbearable God {drain, rC+
                  | Str-5 Int+3 Stlth+}
  1504 | D:3      | Noticed Sigmund
  1576 | D:3      | Slain by Sigmund

Illustrated notes

Levels and vault maps discovered:
D:1:      lightli_arrival_flooded_house, layout_rooms,
          ebering_ecumenical_altar_sacrificial
D:2:      layout_basic, minivault_26
D:3:      layout_loops_ring, nicolae_gozag_cash_rules_everything_around_me,
          uniq_robin, uniq_sigmund

Skill      XL: |  1  2  3  4 |
---------------+-------------+-----
Dodging        | 2 |  2.3
Conjurations   | 1 |  1.6
Fighting       | 2 |  2.0
Ranged Weapons | |  2.1
Spellcasting   | |  1.9
Hexes          | |  3.7
Fire Magic     | |  1.0

Action                     |  1- 3 |  4- 6 || total
---------------------------+-------+-------++-------
  Melee: Staff             |       |    12 ||    12
   Fire: Sling             |    81 |    38 ||   119
   Cast: Magic Dart        |    13 |    19 ||    32
    Use: Potion            |       |     7 ||     7
         Scroll            |       |     2 ||     2
 Armour: Robe              |    25 |    21 ||    46
         Skin              |       |     5 ||     5
  Dodge: Dodged            |    26 |    23 ||    49

Table legend: (Time is in decaauts)
 A = Elapsed time spent in this place.
 B = Non-inter-level travel time spent in this place.
 C = Inter-level travel time spent in this place.
 D = Time resting spent in this place.
 E = Time spent auto-exploring this place.
 F = Levels seen in this place.
 G = Mean time per level.
                   A        B        C        D        E       F      G
               +--------+--------+--------+--------+--------+-----+--------+
         Total |   1612 |   1559 |     53 |     48 |   1150 |   3 |  537.3 |
       Dungeon |   1612 |   1559 |     53 |     48 |   1150 |   3 |  537.3 |
               +--------+--------+--------+--------+--------+-----+--------+

Top non-repeatable levels by time:
     D:2: 766 daAuts
     D:1: 533 daAuts
     D:3: 311 daAuts
